 Dungeon Crawl Stone Soup version 0.27-a0-1189-gb8eb6cee8e (webtiles) character file.

Game seed: 5194499702761821497

3578 jasper the Conjurer (level 9, -2/64 HPs)
             Began as a Demonspawn Hedge Wizard on May 22, 2021.
             Was a Believer of Vehumet.
             Slain by a vampire (5 damage)
             ... on level 8 of the Dungeon.
             The game lasted 00:20:44 (10448 turns).

jasper the Conjurer (Demonspawn Hedge Wizard)      Turns: 10448, Time: 00:20:45

Health: -2/64      AC: 10    Str: 11    XL:     9   Next: 84%
Magic:  18/18      EV: 13    Int: 19    God:    Vehumet [**....]
Gold:   433        SH:  0    Dex: 12    Spells: 7/20 levels left

rFire    . . .     SeeInvis .   d - +3 short sword (elec)
rCold    . . .     Faith    .   (no shield)
rNeg     . . .     Spirit   .   b - +0 robe
rPois    .         Reflect  .   c - +0 hat
rElec    .         Harm     .   j - +1 cloak
rCorr    +         Rampage  .   (no gloves)
Will     .....                  (no boots)
Stlth    ++........             (no amulet)
HPRegen  0.20/turn              o - ring of resist corrosion
MPRegen  0.16/turn              (no ring)

@: mighty, about to teleport, sanguine armoured, studying Shields
A: talons 1, powered by pain 1, sanguine armour 1
a: Renounce Religion


You were on level 8 of the Dungeon.
You worshipped Vehumet.
Vehumet was pleased with you.
You visited 1 branch of the dungeon, and saw 8 of its levels.
You also visited: Sewer and Ossuary.

You collected 433 gold pieces.

Inventory:

Hand Weapons
 a - a +0 dagger
 d - a +3 short sword of electrocution (weapon)
 f - a +0 spear of protection
Missiles
 e - 44 poisoned darts
 g - 199 stones
Armour
 b - a +0 robe (worn)
 c - a +0 hat (worn)
 j - a +1 cloak (worn)
Magical Staves
 s - a staff of fire
Jewellery
 o - a ring of resist corrosion (left hand)
Wands
 m - a wand of flame (27)
Scrolls
 h - 4 scrolls of teleportation
 p - 2 scrolls of enchant armour
 q - a scroll of magic mapping
 y - 2 scrolls of identify
 z - a scroll of immolation
 A - a scroll of amnesia
Potions
 l - 4 potions of flight
 n - 5 potions of haste
 r - a potion of magic {unknown}
 t - 2 potions of brilliance {unknown}
 u - 2 potions of degeneration {unknown}
 v - a potion of attraction {unknown}
 w - a potion of mutation {unknown}
 x - a potion of experience {unknown}


   Skills:
 + Level 3.5 Fighting
 + Level 3.7 Dodging
 - Level 1.7 Stealth
 + Level 6.0 Spellcasting
 * Level 7.2 Conjurations
 - Level 3.0 Hexes
 - Level 1.0 Summonings
 - Level 3.0 Translocations
 * Level 5.7 Fire Magic
 - Level 3.0 Air Magic
 - Level 3.0 Poison Magic


You had 7 spell levels left.
You knew the following spells:

 Your Spells              Type           Power      Damage    Failure   Level
a - Magic Dart            Conj           100%       1d8       1%          1
b - Call Imp              Summ           9%         N/A       11%         2
c - Blink                 Tloc           N/A        N/A       4%          2
d - Slow                  Hex            17%        N/A       4%          2
e - Conjure Flame         Conj/Fire      30%        6-21      2%          3
f - Mephitic Cloud        Conj/Pois/Air  22%        N/A       5%          3

Your spell library contained the following spells:

 Spells                   Type           Power      Damage    Failure   Level
 Sandblast                Erth           10%        2d5       11%         1
 Beastly Appendage        Tmut           10%        N/A       11%         1
 Wereblood                Tmut           5%         N/A       17%         2
 Spider Form              Tmut/Pois      5%         N/A       19%         3
 Ice Form                 Ice/Tmut       5%         N/A       73%         4
 Petrify                  Tmut/Erth      5%         N/A       73%         4
 Summon Forest            Summ/Tloc      6%         N/A       80%         5
 Hydra Form               Tmut           2%         N/A       97%         5
 Blade Hands              Tmut           2%         N/A       100%        6
 Eringya's Noxious Bog    Tmut/Pois      5%         N/A       100%        6
 Dragon Form              Tmut           2%         N/A       100%        7
 Disjunction              Tloc           8%         N/A       100%        8


Dungeon Overview and Level Annotations

Branches:
Dungeon (8/15)             Temple (0/1) D:6           Sewer (visited)
Ossuary (visited)
   Lair: D:8-11

Altars:
Kikubaaqudgha
Makhleb
Okawaru
Ru
Sif Muna
Vehumet
Wu Jian
Xom
The Shining One

Shops:
D:7 [

Annotations:
D:5 Grinder
D:7 2 runed translucent doors, exclusion: orange crystal statue


Innate Abilities, Weirdness & Mutations

You have sharp toenails.
You sometimes gain a little power by taking damage.
When seriously injured, your bleeding wounds create armour. (AC +6)


Message History

You take 9 damage, and have 15/64 hp.
You feel much better.
Your crimson imp hits the vampire but does no damage.
The vampire hits you. The vampire completely misses you.
You regained 15 hp, and now have 30/64 hp.
You hit the vampire but do no damage. You claw the vampire, but do no damage.
The vampire is lightly damaged.
Your crimson imp closely misses the vampire.
The vampire hits you but does no damage.
The vampire bites you but does no damage.
You hit the vampire.
The vampire is moderately damaged.
Your crimson imp hits the vampire but does no damage.
The vampire gestures at itself while chanting.
The vampire flickers and vanishes!
Deactivating autopickup; reactivate with Ctrl-A.
You puncture something! Your kick misses something. Something hits you.
Something bites you!
* * * LOW HITPOINT WARNING * * *
Something draws strength from your injuries!
You take 11 damage, and have 19/64 hp.
You miss something. Your kick misses something.
Something hits you but does no damage. Something barely misses you.
You barely miss something. Something hits you but does no damage.
Something bites you but does no damage.
You closely miss something.
Your crimson imp disappears in a puff of smoke! x2
Something hits you!
* * * LOW HITPOINT WARNING * * *
Something bites you but does no damage.
You take 7 damage, and have 12/64 hp.
You hit something. Your kick misses something. Something hits you.
* * * LOW HITPOINT WARNING * * *
Something bites you.
* * * LOW HITPOINT WARNING * * *
Something draws strength from your injuries!
You take 9 damage, and have 3/64 hp.
As you read the scroll of teleportation, it crumbles to dust.
You feel strangely unstable. Something hits you.
You die...

#...........)........
#....................
#..5.................
#..(.................
#....................
#'###.##......... #####§#
#.##.........
##.####...§.###............
#.....'...@{§..............
#######....................
#....>...............
#....#...............
#....................
#....................
#....................
##...................
#.............#####.


There were no monsters in sight!

Vanquished Creatures
  A two-headed ogre (D:8)
  A cyclops (D:6)
  Psyche (D:8)
  A kobold demonologist (D:6)
  An orc warrior (D:8)
  An ice beast (D:7)
  A necrophage (D:7)
  An ogre (D:6)
  A centaur (D:8)
  A kobold brigand (Sewer)
  A bullfrog (D:6)
  2 gnoll sergeants
  A wyvern zombie (D:6)
  4 water moccasin zombies (Ossuary)
  A scorpion (D:4)
  5 killer bees (D:8)
  A howler monkey (D:7)
  A crimson imp (D:8)
  A hound (D:5)
  A centaur zombie (D:6)
  3 orc priests
  A centaur skeleton (D:7)
  2 bullfrog skeletons (D:5)
  2 iguanas
  7 orc wizards
  2 mummies (Ossuary)
  A howler monkey zombie (D:8)
  8 gnolls
  5 adders
  2 river rats
  A shadow imp (D:6)
  A white imp (D:6)
  An adder zombie (Ossuary)
  An adder skeleton (D:4)
  2 worms (D:3)
  3 dart slugs
  18 orcs
  7 endoplasms
  4 giant cockroaches
  2 gnoll zombies (Ossuary)
  6 hobgoblins
  6 jackals
  10 kobolds
  3 quokkas
  5 ball pythons
  A bat (D:1)
  A frilled lizard (D:3)
  11 goblins
  5 hobgoblin zombies (Ossuary)
  2 kobold zombies (Ossuary)
  6 orc zombies (Ossuary)
  9 rats
166 creatures vanquished.

Vanquished Creatures (collateral kills)
  3 river rats
  3 adders
  2 worms (D:3)
  A kobold (Sewer)
9 creatures vanquished.

Grand Total: 175 creatures vanquished

Notes
Turn   | Place    | Note
-------+----------+-------------------------------------------
     0 | D:1      | jasper the Demonspawn Hedge Wizard began the quest for the
                  | Orb.
     0 | D:1      | Reached XP level 1. HP: 13/13 MP: 4/4
   364 | D:1      | Gained mutation: When seriously injured, your bleeding
                  | wounds create armour. (AC +6) [demonic ancestry]
   364 | D:1      | Reached XP level 2. HP: 19/19 MP: 3/6
   368 | D:1      | Learned a level 2 spell: Call Imp
   371 | D:1      | Learned a level 2 spell: Blink
   374 | D:1      | Learned a level 2 spell: Slow
  1438 | D:2      | Reached XP level 3. HP: 24/24 MP: 1/8
  1442 | D:2      | Learned a level 3 spell: Conjure Flame
  2072 | D:3      | Reached XP level 4. HP: 26/30 MP: 2/10
  2285 | D:3      | Found a glowing drain.
  2385 | Sewer    | Entered a sewer
  2409 | Sewer    | Reached skill level 5 in Spellcasting
  2503 | Sewer    | Learned a level 3 spell: Mephitic Cloud
  2664 | Sewer    | Noticed a kobold brigand
  2828 | Sewer    | HP: 1/30 [poisoned by a kobold]
  3137 | Sewer    | Killed a kobold brigand
  3138 | Sewer    | Reached skill level 3 in Conjurations
  3138 | Sewer    | Gained mutation: You have sharp toenails. [demonic
                  | ancestry]
  3138 | Sewer    | Reached XP level 5. HP: 20/35 MP: 2/12
  3510 | D:3      | Found a radiant altar of Vehumet.
  3522 | D:3      | Became a worshipper of Vehumet
  4247 | D:3      | Found a faded altar of an unknown god.
  4386 | D:4      | Found a sand-covered staircase.
  4393 | Ossuary  | Entered an ossuary
  4487 | Ossuary  | Reached skill level 4 in Conjurations
  4487 | Ossuary  | Gained mutation: You sometimes gain a little power by
                  | taking damage. [demonic ancestry]
  4487 | Ossuary  | Reached XP level 6. HP: 27/41 MP: 13/13
  4638 | Ossuary  | Reached skill level 5 in Conjurations
  4638 | Ossuary  | Reached skill level 1 in Translocations
  5654 | D:4      | Reached skill level 1 in Hexes
  5654 | D:4      | Reached skill level 1 in Air Magic
  5654 | D:4      | Reached skill level 1 in Poison Magic
  5654 | D:4      | Reached XP level 7. HP: 46/46 MP: 6/14
  5781 | D:4      | Reached * piety under Vehumet
  5781 | D:4      | Offered knowledge of Shock by Vehumet.
  5848 | D:4      | Found an ancient bone altar of Kikubaaqudgha.
  6141 | D:4      | Reached skill level 1 in Fire Magic
  6349 | D:5      | Entered Level 5 of the Dungeon
  6712 | D:5      | Noticed Grinder
  6714 | D:5      | Paralysed by Grinder for 6 turns
  6936 | D:6      | Noticed a kobold demonologist
  6944 | D:6      | Noticed an orange demon
  6946 | D:6      | Killed a kobold demonologist
  6946 | D:6      | Noticed a cyclops
  6947 | D:6      | Reached XP level 8. HP: 28/52 MP: 8/15
  6969 | D:6      | Killed a cyclops
  7187 | D:6      | Found a shimmering blue altar of Sif Muna.
  7212 | D:6      | Found an iron altar of Okawaru.
  7504 | D:6      | Reached skill level 1 in Fighting
  7722 | D:6      | Found a staircase to the Ecumenical Temple.
  8149 | D:6      | Identified a scroll of acquirement
  8149 | D:6      | Acquired the Reference Book on Translocation and Changing
  8327 | D:7      | Found Qasi's Armour Boutique.
  8345 | D:7      | Found an ornate altar of the Wu Jian Council.
  8427 | D:7      | Found a runed translucent door.
  8428 | D:7      | Noticed an orange crystal statue
  8429 | D:7      | Found the +10 tower shield of Ignorance {rN+ Int-4}
  8448 | D:7      | Found a runed translucent door.
  9004 | D:7      | Reached XP level 9. HP: 61/61 MP: 7/17
  9187 | D:8      | Noticed Psyche
  9201 | D:8      | Offered knowledge of Sandblast by Vehumet.
  9202 | D:8      | Reached skill level 6 in Conjurations
  9203 | D:8      | Reached ** piety under Vehumet
  9449 | D:8      | Killed Psyche
  9889 | D:8      | Found a shimmering altar of Xom.
  9899 | D:8      | Found a sacrificial altar of Ru.
  9927 | D:8      | Found a burning altar of Makhleb.
  9966 | D:8      | Reached skill level 5 in Fire Magic
 10113 | D:8      | Noticed a two-headed ogre
 10138 | D:8      | Killed a two-headed ogre
 10139 | D:8      | Reached skill level 7 in Conjurations
 10447 | D:8      | HP: 3/64 [something (5)]
 10448 | D:8      | Slain by a vampire

Illustrated notes

Levels and vault maps discovered:
D:1:      psy_arrival_terrarium, layout_basic, minivault_5
D:2:      layout_loops_ring, minmay_pentomino_s4
D:3:      layout_basic, vehumet_altar_wand_db,
          hellmonk_ecumenical_altar_leap_of_faith, lightli_sewer_entry_pipes,
          minmay_misc_feat_cross, minmay_distorted
D:4:      layout_basic, amcnicky_altar_gilded,
          lightli_ossuary_entry_decrepit_ruins
D:5:      layout_cave_pools, lemuel_crystal_altar, grunt_ministairs_13,
          minmay_misc_feat_square, uniq_grinder
D:6:      layout_gridville, nicolae_sif_muna_condensation,
          okawaru_ov_weapons_minmay, minmay_temple_entry_mini_moons,
          kennysheep_cross_room, minmay_manual_mess
D:7:      layout_gridville, nicolae_wu_jian_wuxing_cycle, serial_shops, shop,
          dk_noncrumbling_4, chequers_guarded_unrand_ignorance
D:8:      layout_basic, grunt_temple_overflow_champion_of_chaos, tgw_trog,
          general_overflow_altar, enter_bailey_3, uniq_psyche

Skill      XL: |  1  2  3  4  5  6  7  8  9 |
---------------+----------------------------+-----
Spellcasting   | 4 5 6 |  6.0
Conjurations   | 3 4 5 7 |  7.2
Translocations | 1 2 3 |  3.0
Hexes          | 1 2 3 |  3.0
Air Magic      | 1 2 3 |  3.0
Poison Magic   | 1 2 3 |  3.0
Fire Magic     | 2 4 5 |  5.7
Dodging        | 2 3 |  3.7
Fighting       | 1 3 |  3.5
Stealth        | |  1.7
Summonings     | |  1.0

Action                   |  1- 3 |  4- 6 |  7- 9 || total
-------------------------+-------+-------+-------++-------
Melee: Dagger            |     2 |       |       ||     2
       Spear             |    35 |    23 |       ||    58
       Short sword       |       |    99 |   125 ||   224
       Kick              |       |    20 |    23 ||    43
 Cast: Magic Dart        |    72 |    97 |   166 ||   335
       Call Imp          |     9 |    21 |    13 ||    43
       Mephitic Cloud    |       |     1 |    14 ||    15
       Conjure Flame     |       |       |     6 ||     6
       Blink             |       |       |     3 ||     3
Evoke: Wand              |       |       |    27 ||    27
  Use: Scroll            |     2 |     9 |     8 ||    19
       Potion            |     1 |     2 |    11 ||    14
 Stab: Invisible         |     1 |       |       ||     1
       Sleeping          |       |     2 |       ||     2
       Distracted        |       |     1 |       ||     1
       Confused          |       |       |     4 ||     4
Armor: Robe              |     3 |    27 |    39 ||    69
Dodge: Dodged            |    23 |    51 |    76 ||   150

Table legend: (Time is in decaauts)
 A = Elapsed time spent in this place.
 B = Non-inter-level travel time spent in this place.
 C = Inter-level travel time spent in this place.
 D = Time resting spent in this place.
 E = Time spent auto-exploring this place.
 F = Levels seen in this place.
 G = Mean time per level.
                   A        B        C        D        E       F      G
               +--------+--------+--------+--------+--------+-----+--------+
         Total |  10627 |  10399 |    228 |   2105 |   6624 |  10 | 1062.7 |
       Dungeon |   8648 |   8420 |    228 |   1277 |   5893 |   8 | 1081.0 |
         Sewer |   1064 |   1064 |      0 |    452 |    374 |   1 | 1064.0 |
       Ossuary |    914 |    914 |      0 |    376 |    356 |   1 |  914.0 |
               +--------+--------+--------+--------+--------+-----+--------+

Top non-repeatable levels by time:
     D:3: 1578 daAuts
     D:6: 1553 daAuts
     D:1: 1386 daAuts
     D:7: 1182 daAuts
   Sewer: 1064 daAuts
     D:4: 1061 daAuts
     D:8: 976 daAuts
 Ossuary: 914 daAuts
     D:2: 509 daAuts
     D:5: 401 daAuts
